 Dungeon Crawl Stone Soup version 0.29.1-2-gbd0b4ee654 (webtiles) character file.

Game seed: 12749617214331819475

249 safid the Shooter (level 5, -8/48 HPs)
             Began as a Minotaur Hunter on Nov 7, 2022.
             Mangled by an ice beast (14 damage)
             ... on level 5 of the Dungeon.
             The game lasted 00:06:04 (4479 turns).

safid the Shooter (Minotaur Hunter)                 Turns: 4479, Time: 00:06:04

Health: -8/48      AC:  6    Str: 15    XL:     5   Next: 87%
Magic:  4/4        EV: 10    Int:  6    God:
Gold:   225        SH:  0    Dex: 16    Spells: 4/4 levels left

rFire   . . .      SeeInvis .   a - +0 shortbow
rCold   . . .      Faith    .   (shield currently unavailable)
rNeg    . . .      Spirit   .   l - +0 scale mail
rPois   .          Reflect  .   (helmet restricted)
rElec   .          Harm     .   (no cloak)
rCorr   .          Rampage  .   (no gloves)
Will    .....                   (no boots)
Stlth   ..........              (no amulet)
HPRegen 0.16/turn               (no ring)
MPRegen 0.09/turn               (no ring)

@: no status effects
A: horns 2, retaliatory headbutt
a: no special abilities


You were on level 5 of the Dungeon.
You visited 1 branch of the dungeon, and saw 5 of its levels.

You collected 295 gold pieces.
You spent 70 gold pieces at shops.

Inventory:

Hand Weapons
 a - a +0 shortbow (weapon)
Missiles
 d - 2 javelins
Armour
 l - a +0 scale mail (worn)
Scrolls
 b - 2 scrolls of amnesia {unknown}
 c - a scroll of silence {unknown}
 e - 2 scrolls of teleportation
 f - a scroll of blinking {unknown}
 i - 2 scrolls of identify
 m - a scroll of magic mapping {unknown}
 o - 2 scrolls of vulnerability {unknown}
 p - a scroll of noise {unknown}
Potions
 g - 2 potions of brilliance {unknown}
 h - 2 potions of ambrosia {unknown}
 j - 2 potions of resistance {unknown}
 k - a potion of might {unknown}
 n - a potion of degeneration {unknown}
 q - a potion of berserk rage {unknown}


   Skills:
 + Level 5.5 Fighting
 + Level 6.4 Ranged Weapons
 - Level 2.1 Dodging
 - Level 0.7 Stealth


You had 4 spell levels left.
You didn't know any spells.
Your spell library contained the following spells:

 Spells                   Type           Power      Damage    Failure   Level
 Conjure Flame            Conj/Fire      0%         6-21      99%         3
 Ignite Poison            Fire/Tmut/Pois 0%         N/A       99%         3
 Sticky Flame             Conj/Fire      0%         2d3       100%        4


Dungeon Overview and Level Annotations

Branches:
Dungeon (5/15)
 Temple: D:4-7

Altars:
Ashenzari
Dithmenos
Elyvilon
Fedhas
Hepliaklqana
Ru

Shops:
D:2 *

Annotations:
D:4 2 transporters
D:5 Dowan, Duvessa


Innate Abilities, Weirdness & Mutations

You have a pair of horns on your head.
You reflexively headbutt those who attack you in melee.


Message History

You shoot an arrow. The arrow hits Dowan.
Dowan is moderately wounded.
You shoot an arrow. The arrow hits Dowan.
Dowan is moderately wounded.
Dowan says, "Where the sword fails, magic succeeds!"
Dowan casts a spell at Duvessa.
Duvessa seems to speed up.
You see here 6 gold pieces.
Okay, then.
Okay, then.
Fire: a) +0 shortbow
Press: ? - help, Q - select action, (/) - cycle Shift-Dir - straight line, f/p - Dowan
Aim: Dowan, wielding a +0 dagger and wearing a +0 robe of willpower (moderately wounded, 56% to hit)
You shoot an arrow.
The arrow hits the ice beast but does no damage.
Duvessa roars, "You can run, but you cannot escape us forever!"
The ice beast hits you. The ice beast freezes you!
Fire: a) +0 shortbow
Press: ? - help, Q - select action, (/) - cycle Shift-Dir - straight line, f/p - Dowan
Aim: Dowan, wielding a +0 dagger and wearing a +0 robe of willpower (moderately wounded, 56% to hit)
You shoot an arrow. The arrow hits the ice beast.
The ice beast is lightly wounded.
The ice beast misses you.
Okay, then.
As you read the scroll labelled ROWNOL ATAOTI, it crumbles to dust.
You feel strangely unstable.
It was a scroll of teleportation.
The ice beast hits you. The ice beast freezes you!
The ice beast attacks as you move away!
The ice beast hits you but does no damage.
Dowan says, "Magic and the sword, together, will defeat you."
The ice beast attacks as you move away! The ice beast hits you.
The ice beast freezes you!
* * * LOW HITPOINT WARNING * * *
Your surroundings suddenly seem different.
An ice beast comes into view.
Found a blossoming altar of Fedhas.
The ice beast attacks as you move away! The ice beast hits you.
* * * LOW HITPOINT WARNING * * *
The ice beast freezes you!
You die...

#.##..... #. #.PPP....
..#... #PPP.P... #.#.#.
#P.YPP.... ###.#.#.
#PPP..####. ....#.#.
#.PP........ #.#.#.#.
#.####.###..###.#.#.#.
#....#Y###......#...#.
####.@................
##..##...##....#...
.............##..#.####
.####..#.#.#.##..#.....
....#.#.#.##..######
.##..................
.. ##....#.#.##########
. ......#.#.#
..........# ###


You could see an ice beast.

Vanquished Creatures
  5 orc wizards
  4 adders
  2 worms
  11 orcs
  4 endoplasms
  A giant cockroach (D:1)
  9 goblins
  8 hobgoblins
  3 jackals (D:1)
  8 ball pythons
  4 bats
  7 frilled lizards
  5 kobolds
  6 rats
77 creatures vanquished.

Notes
Turn   | Place    | Note
-------+----------+-------------------------------------------
     0 | D:1      | safid the Minotaur Hunter began the quest for the Orb.
     0 | D:1      | Reached XP level 1. HP: 18/18 MP: 0/0
   188 | D:1      | Reached XP level 2. HP: 16/25 MP: 1/1
   963 | D:1      | Found a faded altar of an unknown god.
  1432 | D:2      | Reached skill level 5 in Ranged Weapons
  1432 | D:2      | Reached XP level 3. HP: 27/31 MP: 2/2
  1627 | D:2      | Found Denuv's General Store.
  1633 | D:2      | Bought a potion of heal wounds for 50 gold pieces
  1633 | D:2      | Bought a scroll of identify for 20 gold pieces
  1645 | D:2      | Found a shadowy altar of Dithmenos.
  1977 | D:3      | Reached XP level 4. HP: 19/40 MP: 3/3
  2292 | D:3      | Found a white marble altar of Elyvilon.
  2616 | D:3      | Found a hazy altar of Hepliaklqana.
  2648 | D:3      | Found a sacrificial altar of Ru.
  2907 | D:4      | Found a broken altar of Ashenzari.
  2952 | D:4      | Found a transporter.
  2957 | D:4      | Found a transporter.
  3251 | D:4      | Reached XP level 5. HP: 19/47 MP: 4/4
  3770 | D:4      | Reached skill level 5 in Fighting
  3770 | D:4      | Reached skill level 6 in Ranged Weapons
  4411 | D:5      | Entered Level 5 of the Dungeon
  4451 | D:5      | Noticed Dowan
  4451 | D:5      | Noticed Duvessa
  4454 | D:5      | Noticed an ice beast
  4472 | D:5      | Found a blossoming altar of Fedhas.
  4472 | D:5      | Noticed an ice beast
  4479 | D:5      | Mangled by an ice beast

Illustrated notes

Levels and vault maps discovered:
D:1:      psy_arrival_radial01, layout_basic,
          shapermc_ecumenical_altar_mp_vishouse, minmay_misc_feat_enclosed,
          dreamdust_princess_bridge, minivault_25, minmay_tree_intersection
D:2:      layout_basic, basic_altar, serial_shops, nicolae_shop_crystal,
          corexii_leaking_fountain
D:3:      layout_loops_ring, mainiacjoe_overflow_small_starburst,
          nicolae_ru_awakened_eye, mainiacjoe_overflow_catwalk
D:4:      gammafunk_wand_slinger, layout_basic, cheibrodos_ashenzari_chains,
          minmay_misc_feat_encased
D:5:      layout_basic, zin_statuary, fedhas_altar_3,
          nicolae_shop_sticking_my_neck_out, uniq_duvessa

Skill      XL: |  1  2  3  4  5 |
---------------+----------------+-----
Fighting       | 3 4 5 |  5.5
Ranged Weapons | 5 6 |  6.4
Dodging        | |  2.1
Stealth        | |  0.7

Action                   |  1- 3 |  4- 6 || total
-------------------------+-------+-------++-------
 Fire: Shortbow          |   114 |   159 ||   273
  Use: Scroll            |       |     1 ||     1
       Potion            |       |     1 ||     1
Armor: Leather armour    |     5 |       ||     5
       Scale mail        |    19 |    49 ||    68
Dodge: Dodged            |    37 |    68 ||   105
